 Dungeon Crawl Stone Soup version 0.30.1-9-gdf580d7c3d (webtiles) character file.

Game seed: 16535817046553510668

462 Atelerd the Digger (level 7, -1/42 HPs)
             Began as an Octopode Earth Elementalist on Sept 25, 2023.
             Was an Initiate of Sif Muna.
             Slain by an orc
             ... wielding a +0 flail
              (9 damage)
             ... on level 4 of the Dungeon.
             The game lasted 00:03:51 (3205 turns).

Atelerd the Digger (Octopode Earth Elementalist)    Turns: 3205, Time: 00:03:52

Health: -1/42      AC:  1    Str:  7      XL:     7   Next: 7%
Magic:  6/13       EV: 13    Int: 18 (19) God:    Sif Muna [......]
Gold:   134        SH:  0    Dex: 17 (19) Spells: 13/14 levels left

rFire   . . .        p - +1 dagger (elec)
rCold   + . .        (no shield)
rNeg    . . .        (helmet restricted)
rPois   .            (no amulet)
rElec   .            f - ring of protection from cold
rCorr   +            r - +6 ring of dexterity
SInv    .            n - ring of resist corrosion
Will    .....        (no ring)
Stlth   +++          (no ring)
HPRegen 0.27/turn    (no ring)
MPRegen 0.13/turn    (no ring)
                     (no ring)

%: no passive effects
@: no status effects
A: almost no armour, amphibious, 8 rings, camouflage 1, gelatinous body 1,
(nimble swimmer 1), tentacles
a: Renounce Religion


You were on level 4 of the Dungeon.
You worshipped Sif Muna.
Sif Muna was noncommittal.
You visited 1 branch of the dungeon, and saw 4 of its levels.

You collected 134 gold pieces.

Inventory:

Hand Weapons
 p - a +1 dagger of electrocution (weapon)
Jewellery
 f - a ring of protection from cold (left tentacle)
 g - a ring of fire
 n - a ring of resist corrosion (on tentacle)
 r - a +6 ring of dexterity (right tentacle)
Wands
 b - a wand of flame (8)
Scrolls
 c - a scroll of enchant weapon {unknown}
 d - a scroll of silence {unknown}
 e - 7 scrolls of identify {unknown}
 h - a scroll of immolation {unknown}
 i - a scroll of teleportation {unknown}
 l - a scroll of blinking {unknown}
 m - a scroll of magic mapping {unknown}
 o - a scroll of brand weapon {unknown}
Potions
 a - a potion of magic
 j - a potion of haste {unknown}
 k - a potion of degeneration
 q - a potion of flight {unknown}
 t - a potion of invisibility {unknown}


   Skills:
 + Level 0.8 Fighting
 + Level 0.4 Short Blades
 * Level 2.0 Dodging
 * Level 2.7 Stealth
 - Level 0.2 Unarmed Combat
 + Level 4.4 Spellcasting
 * Level 3.2 Transmutations
 * Level 5.1 Earth Magic


You had 13 spell levels left.
You knew the following spells:

 Your Spells              Type           Power      Damage    Failure   Level
a - Sandblast             Erth           44%        2d11      1%          1

Your spell library contained the following spells:

 Spells                   Type           Power      Damage    Failure   Level
 Passwall                 Tmut/Erth      15%        N/A       3%          2
 Stone Arrow              Conj/Erth      26%        3d8       14%         3
 Ensorcelled Hibernation  Hex/Ice        6%         N/A       22%         2
 Petrify                  Tmut/Erth      19%        N/A       26%         4
 Swiftness                Air            3%         N/A       38%         3


Dungeon Overview and Level Annotations

Branches:
Dungeon (4/15)
 Temple: D:4-7

Altars:
Qazlal
Sif Muna

Shops:
D:3 =   D:4 [

Annotations:
D:4 3 runed translucent doors, zxspectator's ghost, amateur GrFi


Innate Abilities, Weirdness & Mutations

You cannot wear most types of armour.
You are amphibious.
You can wear up to eight rings at the same time.
Your skin changes colour to match your surroundings (Stealth+).
Your rubbery body absorbs attacks. (AC +1, EV +1)
((You are camouflaged when in or above water. (Stealth+)))
You have tentacles for arms and can constrict up to eight enemies at once.


Message History

Pain shoots through your body!
* * * LOW HITPOINT WARNING * * *
The orc hits you with a +0 flail!
* * * LOW HITPOINT WARNING * * *
Casting: Sandblast (safe; 1% risk of failure)
Confirm with . or Enter, or press ? or * to list all spells.
Aiming: Sandblast (safe; 1% risk of failure)
Press: ? - help, Shift-Dir - straight line, f/p - orc priest
Aim: an orc priest, wielding a +0 short sword and wearing a +0 chain mail (moderately wounded, constricted by you, 100% to hit)
The blast of sand hits the orc priest.
The orc priest is moderately wounded.
You constrict the orc priest, but do no damage.
The orc priest barely misses you. The orc misses you.
The orc priest misses you. The orc misses you.
Unknown command.
Unknown command.
You feel better.
You constrict the orc priest.
The orc priest hits you with a +0 short sword.
* * * LOW HITPOINT WARNING * * *
The orc completely misses you.
Casting: Sandblast (safe; 1% risk of failure)
Confirm with . or Enter, or press ? or * to list all spells.
Aiming: Sandblast (safe; 1% risk of failure)
Press: ? - help, Shift-Dir - straight line, f/p - orc priest
Aim: an orc priest, wielding a +0 short sword and wearing a +0 chain mail (heavily wounded, constricted by you, 100% to hit)
The blast of sand hits the orc priest.
The orc priest is severely wounded.
You constrict the orc priest, but do no damage.
The orc priest closely misses you. The orc barely misses you.
Casting: Sandblast (safe; 1% risk of failure)
Confirm with . or Enter, or press ? or * to list all spells.
Aiming: Sandblast (safe; 1% risk of failure)
Press: ? - help, Shift-Dir - straight line, f/p - orc priest
Aim: an orc priest, wielding a +0 short sword and wearing a +0 chain mail (heavily wounded, constricted by you, 100% to hit)
The blast of sand hits the orc priest but does no damage.
The orc priest is heavily wounded.
You constrict the orc priest. The orc priest closely misses you.
The orc misses you. The orc priest barely misses you.
The orc hits you with a +0 flail!
You die...

#......(.###.# #......#
..# #...>....# #......#
..#####...#..# #......#
....####....## #......#
..#..........###......#
#...####........#######
#.#..# #<.......#
..##............#######
.## ####........@o....#
.# #####.###.o....#
..... #.# #......#
..... #.. #......#
..... ## #......# .....
.......# ..... .##.####
.... . .#


You could see an orc priest and an orc.

Vanquished Creatures
  An ogre (D:4)
  A phantom (D:3)
  Natasha (thrice) (D:4)
  An orc wizard (D:3)
  6 gnolls
  4 adders
  3 dart slugs
  3 orcs
  6 ball pythons
  6 bats
  14 endoplasms
  4 giant cockroaches
  9 hobgoblins
  6 jackals (D:1)
  2 quokkas (D:2)
  7 frilled lizards
  10 goblins
  6 kobolds
  5 rats
97 creatures vanquished.

Notes
Turn   | Place    | Note
-------+----------+-------------------------------------------
     0 | D:1      | Atelerd the Octopode Earth Elementalist began the quest for
                  | the Orb.
     0 | D:1      | Reached XP level 1. HP: 11/11 MP: 3/3
   123 | D:1      | Reached XP level 2. HP: 17/17 MP: 3/5
   342 | D:1      | You fall into a shaft and drop 1 floor!
   347 | D:2      | Reached XP level 3. HP: 18/21 MP: 4/6
   874 | D:1      | Reached XP level 4. HP: 27/27 MP: 5/8
  1332 | D:2      | Reached skill level 4 in Earth Magic
  1503 | D:2      | Reached XP level 5. HP: 28/31 MP: 6/9
  1756 | D:3      | Found Zyelovvi's Jewellery Emporium.
  1857 | D:3      | Noticed a phantom
  1897 | D:3      | Killed a phantom
  2118 | D:3      | Reached XP level 6. HP: 31/37 MP: 8/11
  2569 | D:4      | Found a shimmering blue altar of Sif Muna.
  2573 | D:4      | Found Sulaimiph's Antique Armour Boutique.
  2611 | D:4      | Noticed Natasha
  2616 | D:4      | Killed Natasha
  2680 | D:4      | Became a worshipper of Sif Muna the Loreminder
  2692 | D:4      | Found a runed translucent gate.
  2692 | D:4      | Identified the +8 whip of Geut {flame, rPois rC- Str+3
                  | Int+6}
  2693 | D:4      | Found a runed translucent gate.
  2694 | D:4      | Found a runed translucent gate.
  2703 | D:4      | Noticed zxspectator's ghost (amateur GrFi)
  2761 | D:4      | Noticed Natasha
  2770 | D:4      | Killed Natasha
  2820 | D:4      | Noticed Natasha
  2827 | D:4      | Killed Natasha
  2968 | D:4      | Reached skill level 5 in Earth Magic
  2968 | D:4      | Reached XP level 7. HP: 19/42 MP: 10/13
  3087 | D:4      | Found a stormy altar of Qazlal.
  3201 | D:4      | HP: 2/42 [orc/+0 flail (7)]
  3205 | D:4      | Slain by an orc

Illustrated notes

Levels and vault maps discovered:
D:1:      grunt_arrival_crossed_arrows, layout_loops_ring, minmay_ruptured
D:2:      layout_rooms, amethyst_killhole, minmay_increasing_density
D:3:      layout_basic, serial_shops, shop, corexii_leaking_fountain
D:4:      layout_rooms, mainiacjoe_overflow_concentric_impassable,
          nicolae_qazlal_general_emergency, biasface_ghost_orc_armoury,
          serial_shops, shop, uniq_natasha

Skill      XL: |  1  2  3  4  5  6 |
---------------+-------------------+-----
Transmutations | 2 3 |  3.2
Spellcasting   | 3 4 |  4.4
Earth Magic    | 4 5 |  5.1
Fighting       | |  0.8
Short Blades   | |  0.4
Dodging        | |  2.0
Stealth        | |  2.7
Unarmed Combat | |  0.2

Action                     |  1- 3 |  4- 6 |  7- 9 || total
---------------------------+-------+-------+-------++-------
  Melee: Unarmed           |     6 |       |       ||     6
         Constrict         |    10 |    10 |     1 ||    21
         Tentacles         |     4 |     5 |       ||     9
         Dagger            |    21 |    38 |     1 ||    60
         Punch             |     1 |     1 |       ||     2
   Cast: Sandblast         |    36 |    82 |    12 ||   130
    Use: Potion            |       |     3 |     1 ||     4
   Stab: Sleeping          |       |     4 |       ||     4
 Armour: Skin              |     7 |     4 |       ||    11
  Dodge: Dodged            |    43 |    60 |    16 ||   119
